 Dungeon Crawl Stone Soup version 0.27.0-1-g7a089689b8 (webtiles) character file.

Game seed: 7720272018649673490

53 nightchill the Chopper (level 3, 0/34 HPs)
             Began as a Hill Orc Fighter on Aug 5, 2021.
             Slain by an adder (4 damage)
             ... on level 2 of the Dungeon.
             The game lasted 00:01:50 (1358 turns).

nightchill the Chopper (Hill Orc Fighter)           Turns: 1358, Time: 00:01:50

Health: 0/34       AC:  6    Str: 18    XL:     3   Next: 87%
Magic:  3/3        EV:  7    Int:  9    God:
Gold:   42         SH:  9    Dex: 10    Spells: 2/2 levels left

rFire    . . .     SeeInvis .   a - +0 war axe
rCold    . . .     Faith    .   c - +0 kite shield
rNeg     . . .     Spirit   .   b - +0 scale mail
rPois    .         Reflect  .   (no helmet)
rElec    .         Harm     .   (no cloak)
rCorr    .         Rampage  .   (no gloves)
Will     .....                  (no boots)
Stlth    ..........             (no amulet)
HPRegen  0.11/turn              (no ring)
MPRegen  0.08/turn              (no ring)

@: lethally poisoned (0 -> -4)
A: no striking features
a: no special abilities


You were on level 2 of the Dungeon.
You visited 1 branch of the dungeon, and saw 2 of its levels.

You collected 42 gold pieces.

Inventory:

Hand Weapons
 a - a +0 war axe (weapon)
Armour
 b - a +0 scale mail (worn)
 c - a +0 kite shield (worn)
Magical Staves
 f - a staff of poison
Scrolls
 e - a scroll of noise {unknown}
 g - a scroll of identify {unknown}
 h - a scroll of holy word {unknown}
Potions
 d - a potion of might


   Skills:
 + Level 4.3 Fighting
 * Level 4.7 Axes
 - Level 3.2 Armour
 - Level 3.2 Shields


You had 2 spell levels left.
You didn't know any spells.
Your spell library was empty.

Dungeon Overview and Level Annotations

Branches:
Dungeon (2/15)

Altars:


Message History

You start resting.
An adder comes into view.
An adder is nearby!
An adder is nearby!
The adder hisses angrily.
There is an open door, spattered with blood here.
Items here: ( ) ††.
You close the door, pushing everything out of the way.
You see here a jackal corpse.
You start resting.
An adder is nearby!
As you open the door, it creaks loudly!
There is an open door, spattered with blood here.
You see here a +0 dagger.
As you close the door, it creaks loudly!
You start resting.
An adder is nearby!
You open the door.
There is an open door, spattered with blood here.
You see here a jackal corpse.
You barely miss the adder. You block the adder's attack. The adder bites you.
* * * LOW HITPOINT WARNING * * *
You are poisoned.
The adder poisons you!
You miss the adder.
You feel sick. You block the adder's attack. The adder barely misses you.
You hit the adder.
The adder is lightly wounded.
You feel sick. The adder closely misses you.
The adder bites you but does no damage.
You closely miss the adder.
The adder is lightly wounded.
You feel sick.
The adder bites you but does no damage. x2
You closely miss the adder.
You feel sick.
You are no longer poisoned.
The adder bites you.
* * * LOW HITPOINT WARNING * * *
You are lethally poisoned!
The adder poisons you! The adder bites you.
You die...

## ........# #.. #...... #...
#.....# #... #.....#
#...###.....#
####......##...# ....##
#.......†.##...## ......
#.........##)...# [.....
..........)S@...+ ......
#.........##(...# ......
..<.......####### ......
#........#### ......
......##.....# ########
.#....##.....#+######........
#...........................
#...........................
#......####.................


You could see an adder.

Vanquished Creatures
  An adder (D:2)
  A worm (D:2)
  2 dart slugs (D:1)
  4 bats
  4 endoplasms
  A giant cockroach (D:2)
  A goblin (D:2)
  2 hobgoblins (D:2)
  4 jackals (D:2)
  2 kobolds
  3 quokkas (D:1)
  2 ball pythons (D:1)
  3 frilled lizards
  4 rats
34 creatures vanquished.

Vanquished Creatures (others)
  A bat (D:1)
1 creature vanquished.

Grand Total: 35 creatures vanquished

Notes
Turn   | Place    | Note
-------+----------+-------------------------------------------
     0 | D:1      | nightchill the Hill Orc Fighter began the quest for the
                  | Orb.
     0 | D:1      | Reached XP level 1. HP: 19/19 MP: 1/1
   260 | D:1      | Reached XP level 2. HP: 22/27 MP: 2/2
   929 | D:2      | Reached XP level 3. HP: 33/33 MP: 3/3
  1358 | D:2      | Slain by an adder

Illustrated notes

Levels and vault maps discovered:
D:1:      dpeg_arrival_stone_temple_mockup, layout_basic, serial_curves,
          eino_curves_01, eino_curves_04, eino_curves_02, minmay_tall_x
D:2:      layout_basic, serial_shops,
          nicolae_shop_temple_entry_statues_fountains, kennysheep_doodads

Skill      XL: |  1  2 |
---------------+-------+-----
Axes           | 3 4 |  4.7
Fighting       | 4 |  4.3
Armour         | |  3.2
Shields        | |  3.2

Action                   || total
-------------------------++-------
Melee: War axe           ||   116
Armor: Scale mail        ||    55
Dodge: Dodged            ||    35
Block: Kite shield       ||    59
